[Event "Tuesday Night Round Robin Engine Tour 5m+1s Starts at 2200hrs ST"]
[Site "Infinity Chess"]
[Date "2018.1.23"]
[Round "5"]
[White "KULLANI"]
[Black "BraveDevil"]
[Result "1/2-1/2"]
[ECO "B90"]
[WhiteElo "2492"]
[BlackElo "2444"]
[WhiteEngine "BrainFish_180113_x64_CTG"]
[BlackEngine "Cryptic AIL V2"]
[EventType "Round Robin"]
[WhiteTeam ""]
[BlackTeam ""]
[PlyCount "108"]
[TimeControl "300+1"]

1. e4 c5 2. Nf3 d6 3. d4 cxd4 4. Nxd4 Nf6 5. Nc3 a6 6. Be3 e5 7. Nb3 Be7 
8. Be2 Be6 9. Qd3 Nc6 10. a3 O-O 11. O-O Na5 12. Nxa5 Qxa5 13. b4 Qd8 14. Nd5 b5 
15. Nxf6+ Bxf6 16. a4 Bc4 17. Qd2 Qc7 18. h3 Bxe2 19. Qxe2 Qc6 20. axb5 axb5 
21. Qd3 Rfc8 22. Rxa8 Rxa8 23. Rc1 Rc8 24. Ra1 h6 25. Ra7 Bg5 26. Bxg5 hxg5 
27. Ra5 Rb8 28. Kf1 f6 29. c3 Kh7 30. Ke2 f5 31. exf5 Qxg2 32. Qf3 Qxf3+ 
33. Kxf3 Rc8 34. Rxb5 Rxc3+ 35. Kg4 Rc2 36. Kf3 Rc3+ 37. Kg4 Rc2 38. f3 Rg2+ 
39. Kh5 Rg3 40. Rb6 Rxf3 41. Kxg5 Rb3 42. h4 d5 43. Rb7 Rg3+ 44. Kh5 Rf3 
45. Kg4 Rf4+ 46. Kg5 d4 47. Rd7 d3 48. f6 Kg8 49. Rxd3 gxf6+ 50. Kg6 Rg4+ 
51. Kxf6 Rxb4 52. h5 e4 53. Rd7 Rb6+ 54. Kg5 Rb5+ 1/2-1/2

[Event "Tuesday Night Round Robin Engine Tour 5m+1s Starts at 2200hrs ST"]
[Site "Infinity Chess"]
[Date "2018.1.23"]
[Round "5"]
[White "RonWeasley"]
[Black "KhalidOmar"]
[Result "1/2-1/2"]
[ECO "C55"]
[WhiteElo "2495"]
[BlackElo "2565"]
[WhiteEngine "BrainFish 130117_CTG"]
[BlackEngine "Eman 1.67 64-bit BMI2"]
[EventType "Round Robin"]
[WhiteTeam ""]
[BlackTeam ""]
[PlyCount "97"]
[TimeControl "300+1"]

1. e4 e5 2. Nf3 Nc6 3. Bc4 Nf6 4. d3 Bc5 5. c3 a5 6. Bg5 h6 7. Bh4 g5 8. Bg3 d6 
9. O-O O-O 10. Bb3 g4 11. Nh4 Nh5 12. a4 Qg5 13. Na3 Bd7 14. Re1 Be6 
15. Nc4 Nxg3 16. hxg3 h5 17. Ne3 Rae8 18. Re2 Bxe3 19. Rxe3 Ne7 20. d4 Ng6 
21. Bxe6 fxe6 22. Nxg6 exd4 23. cxd4 Qxg6 24. Qd2 Re7 25. Qxa5 Qh6 26. Rf1 h4 
27. gxh4 Qxh4 28. f4 c5 29. Qe1 Qxe1 30. Rexe1 cxd4 31. e5 dxe5 32. fxe5 Rxf1+ 
33. Kxf1 Rc7 34. Re4 Rc1+ 35. Kf2 Rc2+ 36. Kg3 d3 37. Rxg4+ Kf7 38. Rd4 Rxb2 
39. Rxd3 Kg6 40. Rf3 Ra2 41. Rf6+ Kg5 42. Rxe6 Ra3+ 43. Kf2 Rxa4 44. Re7 Kg6 
45. Kf3 Kf5 46. Rxb7 Ra3+ 47. Ke2 Kxe5 48. Rf7 Rg3 49. Kf1 1/2-1/2

[Event "Tuesday Night Round Robin Engine Tour 5m+1s Starts at 2200hrs ST"]
[Site "Infinity Chess"]
[Date "2018.1.23"]
[Round "5"]
[White "Victorious"]
[Black "SkyPilot"]
[Result "1/2-1/2"]
[ECO "E20"]
[WhiteElo "2506"]
[BlackElo "2523"]
[WhiteEngine "asmFishW_2017-11-19_popcnt"]
[BlackEngine "stockfish_x64_bmi2_2018_01_13_CTG"]
[EventType "Round Robin"]
[WhiteTeam ""]
[BlackTeam ""]
[PlyCount "159"]
[TimeControl "300+1"]

1. d4 Nf6 2. c4 e6 3. Nc3 d5 4. Nf3 c6 5. e3 Nbd7 6. Qc2 Bd6 7. cxd5 exd5 
8. Bd3 O-O 9. O-O Re8 10. Re1 Nf8 11. h3 Be6 12. Bd2 h6 13. Rac1 N8d7 14. a3 a6 
15. Re2 Qc7 16. Rce1 Re7 17. b4 Rae8 18. Bc1 Nb6 19. Nh4 Qb8 20. Nf3 Qc7 
21. Bb2 Qc8 22. Ne5 Nc4 23. Bxc4 dxc4 24. e4 Nh5 25. Re3 b5 26. Ne2 f5 
27. f4 Bb8 28. exf5 Bxf5 29. Qd2 Qd8 30. Ng3 Nxg3 31. Rxg3 Bxe5 32. Rxe5 Rxe5 
33. fxe5 Re6 34. Qf4 Bd3 35. Kh2 Qe8 36. Bc3 Qd7 37. Rf3 Qe8 38. Rg3 Bg6 
39. Qf3 Bf7 40. Qf2 Bg6 41. Qf3 Bf7 42. Qf2 Qd7 43. Qf5 Qc8 44. Qg4 Qf8 
45. Qf5 Qc8 46. Qg4 Qf8 47. Qf5 Qa8 48. Qf3 Qd8 49. Qf5 Qd7 50. a4 Qe8 
51. a5 Rg6 52. Rxg6 Bxg6 53. Qf3 Bf7 54. g4 Bd5 55. Qf5 Be6 56. Qf3 Bd5 
57. Qf5 Be6 58. Qf3 Kh7 59. Kg3 Kh8 60. Qe4 h5 61. Qf3 hxg4 62. hxg4 Kg8 
63. Be1 Qg6 64. Bd2 Bd5 65. Qf5 Qe8 66. Qb1 Qd7 67. Qf5 Be6 68. Qg6 Kf8 
69. Bc3 Qf7 70. Qxf7+ Bxf7 71. Kf4 Bg8 72. Ke3 Bd5 73. Kf4 Ke7 74. Kf5 Bf7 
75. Bb2 Be6+ 76. Kg6 Bxg4 77. Kxg7 Be2 78. Ba1 Ke6 79. Bc3 Bg4 80. Ba1 1/2-1/2

[Event "Tuesday Night Round Robin Engine Tour 5m+1s Starts at 2200hrs ST"]
[Site "Infinity Chess"]
[Date "2018.1.23"]
[Round "5"]
[White "Eman"]
[Black "angriff"]
[Result "1/2-1/2"]
[ECO "B00"]
[WhiteElo "2516"]
[BlackElo "2416"]
[WhiteEngine "Eman 1.67 64-bit POPCNT"]
[BlackEngine "Raubfisch ME262_GTZ16b2_CTG"]
[EventType "Round Robin"]
[WhiteTeam ""]
[BlackTeam ""]
[PlyCount "94"]
[TimeControl "300+1"]

1. e4 Nc6 2. d4 d5 3. e5 Bf5 4. Nf3 e6 5. c3 f6 6. Bb5 Nge7 7. exf6 gxf6 
8. Nh4 Bg6 9. O-O a6 10. Be2 Qd7 11. Re1 Bf7 12. Nd2 Ng6 13. Ndf3 Bd6 
14. g3 O-O-O 15. b4 e5 16. dxe5 Bxe5 17. b5 axb5 18. Bxb5 Qg4 19. Be2 Bxc3 
20. Ne5 Qxe2 21. Rxe2 Bxe5 22. Nxg6 Bxg6 23. Bb2 Bh5 24. Qf1 Bxe2 25. Qxe2 Bxb2 
26. Qxb2 Rd6 27. Rb1 b6 28. Qa3 Kb7 29. Qd3 Ne5 30. Qf5 h6 31. h3 d4 
32. Qe4+ Nc6 33. Rd1 Rhd8 34. Qf4 f5 35. Qxf5 d3 36. f4 d2 37. Qe4 Rd4 
38. Qg2 R8d5 39. f5 Ne5 40. f6 Rd3 41. Kf2 c5 42. Qe4 c4 43. f7 Nxf7 44. Qh7 Rd7 
45. Qe4+ R7d5 46. Qh7 Rd7 47. Qe4+ R7d5 1/2-1/2

[Event "Tuesday Night Round Robin Engine Tour 5m+1s Starts at 2200hrs ST"]
[Site "Infinity Chess"]
[Date "2018.1.23"]
[Round "4"]
[White "SkyPilot"]
[Black "Eman"]
[Result "1/2-1/2"]
[ECO "C55"]
[WhiteElo "2523"]
[BlackElo "2516"]
[WhiteEngine "stockfish_x64_bmi2_2018_01_13_CTG"]
[BlackEngine "Eman 1.67 64-bit POPCNT"]
[EventType "Round Robin"]
[WhiteTeam ""]
[BlackTeam ""]
[PlyCount "75"]
[TimeControl "300+1"]

1. e4 e5 2. Nf3 Nc6 3. Bc4 Nf6 4. d3 Bc5 5. c3 a5 6. O-O d6 7. Re1 O-O 8. h3 h6 
9. Nbd2 Be6 10. a4 Ba7 11. b3 d5 12. exd5 Nxd5 13. Ne4 Re8 14. Bd2 Nf6 
15. Qe2 Nxe4 16. Qxe4 Qd7 17. Rad1 Rad8 18. b4 axb4 19. cxb4 Nd4 20. Qxb7 Bxc4 
21. dxc4 Qxa4 22. Ra1 Qc2 23. Rxa7 Nxf3+ 24. Qxf3 Qxd2 25. Rf1 Qxb4 26. Rxc7 Re7 
27. Rxe7 Qxe7 28. Rd1 Rxd1+ 29. Qxd1 Qc5 30. Qc2 h5 31. Qd3 g6 32. Qd8+ Kg7 
33. Qd3 Kf6 34. Qd8+ Ke6 35. Qe8+ Kf6 36. Qd8+ Kf5 37. Qd7+ Kf6 38. Qd8+ 1/2-1/2

[Event "Tuesday Night Round Robin Engine Tour 5m+1s Starts at 2200hrs ST"]
[Site "Infinity Chess"]
[Date "2018.1.23"]
[Round "4"]
[White "KhalidOmar"]
[Black "Victorious"]
[Result "1/2-1/2"]
[ECO "C77"]
[WhiteElo "2568"]
[BlackElo "2503"]
[WhiteEngine "Eman 1.67 64-bit BMI2"]
[BlackEngine "asmFishW_2017-11-19_popcnt"]
[EventType "Round Robin"]
[WhiteTeam ""]
[BlackTeam ""]
[PlyCount "123"]
[TimeControl "300+1"]

1. e4 e5 2. Nf3 Nc6 3. Bb5 a6 4. Ba4 Nf6 5. O-O Be7 6. Re1 b5 7. Bb3 O-O 
8. h3 Bb7 9. d3 d5 10. exd5 Nxd5 11. Nxe5 Nd4 12. Nd2 c5 13. Ndf3 Nxb3 
14. axb3 f6 15. Ng4 Qd7 16. d4 cxd4 17. Nxd4 Rfe8 18. c4 Nb4 19. Ne6 Qxd1 
20. Rxd1 Kf7 21. Nd4 Be4 22. cxb5 axb5 23. Bd2 Nd3 24. Rxa8 Rxa8 25. Nxb5 Nxb2 
26. Re1 Bg6 27. Rc1 Rd8 28. Be3 Rd5 29. Nc3 Rd7 30. Ne2 Nd3 31. Rd1 Rb7 
32. Nd4 Nc5 33. Nc6 Ne6 34. Nxe7 Kxe7 35. Ra1 h5 36. Nh2 Rxb3 37. Ra7+ Ke8 
38. Nf3 Be4 39. Nd2 Rb4 40. Nxe4 Rxe4 41. Kf1 h4 42. Ke2 g5 43. g3 hxg3 
44. fxg3 Rb4 45. Ra6 Kf7 46. Ra7+ Kg6 47. g4 Nd8 48. Ra6 Nf7 49. Bc5 Re4+ 
50. Kd3 Re1 51. Kc4 Re4+ 52. Bd4 Kg7 53. Kd5 Rf4 54. Bc3 Nd8 55. Ra7+ Kg6 
56. Bb2 Nf7 57. Bd4 Rf3 58. Ke6 Rf4 59. Rxf7 Re4+ 60. Kd5 Rxd4+ 61. Kxd4 Kxf7 
62. Kc3 1/2-1/2

[Event "Tuesday Night Round Robin Engine Tour 5m+1s Starts at 2200hrs ST"]
[Site "Infinity Chess"]
[Date "2018.1.23"]
[Round "4"]
[White "BraveDevil"]
[Black "RonWeasley"]
[Result "1/2-1/2"]
[ECO "C07"]
[WhiteElo "2442"]
[BlackElo "2497"]
[WhiteEngine "Cryptic AIL V2"]
[BlackEngine "BrainFish 130117_CTG"]
[EventType "Round Robin"]
[WhiteTeam ""]
[BlackTeam ""]
[PlyCount "81"]
[TimeControl "300+1"]

1. e4 e6 2. d4 d5 3. Nd2 c5 4. Ngf3 cxd4 5. exd5 Qxd5 6. Bc4 Qd6 7. O-O Nf6 
8. Nb3 Nc6 9. Nbxd4 Nxd4 10. Nxd4 a6 11. Re1 Qc7 12. Bb3 Bd6 13. Nf5 Bxh2+ 
14. Kh1 O-O 15. Nxg7 Rd8 16. Qf3 Kxg7 17. Bh6+ Kg6 18. c3 Nh5 19. Bc1 Bf4 
20. g4 Ng3+ 21. fxg3 Bxc1 22. Raxc1 Bd7 23. Qe3 Bc6+ 24. Kh2 h6 25. Rc2 Rd7 
26. Rf2 Kg7 27. Rf6 Kxf6 28. Qxh6+ Ke7 29. Rxe6+ fxe6 30. Qxe6+ Kf8 31. Qg8+ Ke7 
32. Qg7+ Kd6 33. Qd4+ Bd5 34. Qxd5+ Ke7 35. Qe6+ Kf8 36. Qg8+ Ke7 37. Qe6+ Kf8 
38. Qg8+ Ke7 39. Qg5+ Kd6 40. Qd5+ Ke7 41. Qe6+ 1/2-1/2

[Event "Tuesday Night Round Robin Engine Tour 5m+1s Starts at 2200hrs ST"]
[Site "Infinity Chess"]
[Date "2018.1.23"]
[Round "4"]
[White "Dovahkiin"]
[Black "KULLANI"]
[Result "1/2-1/2"]
[ECO "A00"]
[WhiteElo "2450"]
[BlackElo "2494"]
[WhiteEngine "BrainFish_180113_x64_modern_CTG"]
[BlackEngine "BrainFish_180113_x64_CTG"]
[EventType "Round Robin"]
[WhiteTeam ""]
[BlackTeam ""]
[PlyCount "109"]
[TimeControl "300+1"]

1. e3 e5 2. e4 Nf6 3. Nc3 Bc5 4. Bc4 O-O 5. Nf3 d6 6. d3 c6 7. a4 Re8 
8. O-O Nbd7 9. h3 h6 10. Be3 Bb4 11. Qb1 Nf8 12. Qa2 Re7 13. a5 Ng6 14. Qa4 Bxc3 
15. bxc3 Nh5 16. Rfe1 Re8 17. d4 exd4 18. cxd4 Rxe4 19. Bf1 Qc7 20. c4 Bd7 
21. Nd2 Re7 22. c5 d5 23. a6 bxa6 24. Qxa6 Nf6 25. Reb1 Be6 26. Qa5 Qd7 
27. Ra3 Bf5 28. Rb2 Ne4 29. Nf3 Rae8 30. Rab3 Kh7 31. Qa6 Qe6 32. g4 Bxg4 
33. hxg4 Qxg4+ 34. Bg2 f5 35. Nh2 Qh4 36. Rb8 f4 37. Rxe8 Rxe8 38. Bc1 Nxc5 
39. Qf1 Ne4 40. Qd3 Nc5 41. Qd1 Ne4 42. Rc2 Ng5 43. Rxc6 Nh3+ 44. Bxh3 Qxh3 
45. Qf1 Qf5 46. Nf3 Qh5 47. Rc3 a5 48. Qd3 Re4 49. Kg2 a4 50. Kg1 a3 
51. Rxa3 Qg4+ 52. Kh2 Qh5+ 53. Kg1 Qg4+ 54. Kh2 Qh5+ 55. Kg1 1/2-1/2

[Event "Tuesday Night Round Robin Engine Tour 5m+1s Starts at 2200hrs ST"]
[Site "Infinity Chess"]
[Date "2018.1.23"]
[Round "4"]
[White "incredible"]
[Black "Cepri"]
[Result "1-0 "]
[ECO "D30"]
[WhiteElo "2461"]
[BlackElo "2485"]
[WhiteEngine "stockfish_18012314_x64_bmi2"]
[BlackEngine "asmFishW_12J18Mb_CTG"]
[EventType "Round Robin"]
[WhiteTeam ""]
[BlackTeam ""]
[PlyCount "171"]
[TimeControl "300+1"]

1. d4 d5 2. c4 e6 3. Nf3 Nf6 4. Nc3 c6 5. e3 Nbd7 6. Qc2 Bd6 7. Bd3 O-O 
8. O-O dxc4 9. Bxc4 a6 10. Rd1 b5 11. Bd3 Bb7 12. Ng5 h6 13. Nge4 Bc7 14. a3 Qe7 
15. b4 a5 16. bxa5 Rxa5 17. Bb2 Nd5 18. g3 Rc8 19. Bf1 Ra7 20. Rac1 Rf8 
21. Na2 Rfa8 22. Nc5 Nxc5 23. dxc5 Ra5 24. Nb4 Ra4 25. Qb3 Ba5 26. Nd3 Bd8 
27. Bg2 Qf8 28. Ne5 Qe8 29. e4 Nf6 30. Rd3 Bc7 31. Rcd1 Bc8 32. Bf3 R8a6 
33. Qc3 Ra8 34. h4 R8a7 35. Qc2 Ra8 36. Qd2 Kh7 37. g4 Bxe5 38. Bxe5 Rxa3 
39. Rd8 Qe7 40. Kg2 Ne8 41. g5 R3a7 42. Bh5 Ba6 43. Rxa8 Rxa8 44. Qd7 Qxd7 
45. Rxd7 hxg5 46. hxg5 f6 47. Bb2 fxg5 48. Bf7 Nf6 49. Rd1 Ng8 50. Bxe6 Re8 
51. Bf5+ g6 52. Bd7 Rxe4 53. Bxc6 Rg4+ 54. Kf3 Bc8 55. Rd8 Be6 56. Ke3 Ra4 
57. Bd4 Ra7 58. Bxb5 Rb7 59. Be8 Re7 60. Kd3 Bf5+ 61. Kc4 Be6+ 62. Kb4 Rc7 
63. c6 Ne7 64. Kc5 Nxc6 65. Bxc6 Rc8 66. Rxc8 Bxc8 67. Be3 g4 68. Kd6 Ba6 
69. Ke7 Kg7 70. Be4 Bb5 71. Bf4 Ba4 72. Be5+ Kh6 73. Kf6 Kh5 74. Bxg6+ Kh4 
75. Bd3 g3 76. fxg3+ Kg4 77. Bd6 Kf3 78. Bf5 Ke3 79. g4 Kd4 80. Be6 Bd1 
81. g5 Bc2 82. g6 Bb1 83. g7 Bh7 84. g8=Q Bxg8 85. Bxg8 Ke3 86. Bc5+ 1-0

[Event "Tuesday Night Round Robin Engine Tour 5m+1s Starts at 2200hrs ST"]
[Site "Infinity Chess"]
[Date "2018.1.23"]
[Round "4"]
[White "star99"]
[Black "MarioDeMonti"]
[Result "1/2-1/2"]
[ECO "B23"]
[WhiteElo "2462"]
[BlackElo "2478"]
[WhiteEngine "Cryptic AIL V2"]
[BlackEngine "stockfish_x64_bmi2_2018_01_13_CTG"]
[EventType "Round Robin"]
[WhiteTeam ""]
[BlackTeam ""]
[PlyCount "91"]
[TimeControl "300+1"]

1. e4 c5 2. Nc3 a6 3. Nf3 d6 4. d4 cxd4 5. Nxd4 Nf6 6. Be3 e5 7. Nb3 Be6 
8. f3 h5 9. Qd2 Nbd7 10. Nd5 Bxd5 11. exd5 g6 12. Be2 Bg7 13. O-O b6 14. a4 O-O 
15. h3 Qc7 16. c3 Rfe8 17. Qd1 Qc8 18. c4 a5 19. g4 hxg4 20. fxg4 Ne4 
21. Kg2 Nec5 22. Nxc5 bxc5 23. Rb1 e4 24. b3 Qd8 25. Qe1 Qe7 26. Qf2 Be5 
27. h4 Kg7 28. h5 Rh8 29. h6+ Kg8 30. g5 Bd4 31. Qg3 Bxe3 32. Qxe3 Kh7 
33. Rf2 Rhf8 34. Rbf1 Rab8 35. Bg4 Ne5 36. Bd1 Nd7 37. Be2 f5 38. gxf6 Rxf6 
39. Rxf6 Nxf6 40. Qg5 Rf8 41. Bd1 Rf7 42. Qf4 Kg8 43. Qg5 Kh7 44. Qf4 Qd8 
45. Bc2 Qe7 46. Bd1 1/2-1/2

[Event "Tuesday Night Round Robin Engine Tour 5m+1s Starts at 2200hrs ST"]
[Site "Infinity Chess"]
[Date "2018.1.23"]
[Round "4"]
[White "angriff"]
[Black "OlivierEvan"]
[Result "1/2-1/2"]
[ECO "D30"]
[WhiteElo "2414"]
[BlackElo "2475"]
[WhiteEngine "Raubfisch ME262_GTZ16b2_CTG"]
[BlackEngine "Houdini 6"]
[EventType "Round Robin"]
[WhiteTeam ""]
[BlackTeam ""]
[PlyCount "120"]
[TimeControl "300+1"]

1. d4 d5 2. c4 e6 3. Nf3 Nf6 4. Nc3 c6 5. e3 Nbd7 6. Qc2 Bd6 7. Bd3 dxc4 
8. Bxc4 O-O 9. O-O a6 10. a4 c5 11. Rd1 cxd4 12. Ne4 Nxe4 13. Qxe4 Nf6 
14. Qxd4 Be7 15. Qd2 Qb6 16. Qe1 e5 17. Nxe5 Qc7 18. f4 Ng4 19. Nxg4 Bxg4 
20. Be2 Bxe2 21. Qxe2 Rae8 22. Bd2 Bc5 23. Rac1 Qb6 24. a5 Bxe3+ 25. Kf1 Qa7 
26. Bxe3 Qxe3 27. Qxe3 Rxe3 28. Rd6 Re4 29. g3 Ra4 30. Rc7 Rxa5 31. Rxb7 Rh5 
32. Kg2 a5 33. g4 Rc5 34. Kf3 g6 35. Ra6 h5 36. h3 Rd5 37. Kg3 hxg4 38. hxg4 Kg7 
39. Raa7 Rd3+ 40. Kf2 Rd4 41. Kg3 Rd5 42. b3 Rd3+ 43. Kf2 Rd2+ 44. Ke3 Rd5 
45. g5 Rf5 46. b4 axb4 47. Rxb4 Rd8 48. Rbb7 Rh8 49. Ra4 Rh3+ 50. Kf2 Rc5 
51. Raa7 Rc2+ 52. Kg1 Rg3+ 53. Kh1 Re3 54. Rxf7+ Kg8 55. Rfe7 Rxe7 56. Rxe7 Rc4 
57. f5 gxf5 58. Kg2 Re4 59. Rxe4 fxe4 60. Kf2 Kf7 1/2-1/2

[Event "Tuesday Night Round Robin Engine Tour 5m+1s Starts at 2200hrs ST"]
[Site "Infinity Chess"]
[Date "2018.1.23"]
[Round "3"]
[White "MarioDeMonti"]
[Black "OlivierEvan"]
[Result "1/2-1/2"]
[ECO "B90"]
[WhiteElo "2478"]
[BlackElo "2475"]
[WhiteEngine "stockfish_x64_bmi2_2018_01_13_CTG"]
[BlackEngine "Houdini 6"]
[EventType "Round Robin"]
[WhiteTeam ""]
[BlackTeam ""]
[PlyCount "91"]
[TimeControl "300+1"]

1. e4 c5 2. Nf3 d6 3. d4 cxd4 4. Nxd4 Nf6 5. Nc3 a6 6. Be3 e5 7. Nb3 Be6 
8. f3 h5 9. Qd2 Nbd7 10. Nd5 Bxd5 11. exd5 g6 12. O-O-O Nb6 13. Qa5 Bh6 
14. Bxh6 Rxh6 15. Qd2 Rh8 16. Na5 Qc7 17. c4 Kf8 18. Kb1 Kg7 19. Bd3 Nbd7 
20. Rc1 Rhe8 21. Rhe1 Rac8 22. Re3 b5 23. Nc6 Nb6 24. h3 Qb7 25. b3 h4 
26. Ree1 Ra8 27. Ka1 bxc4 28. bxc4 Nbd7 29. f4 exf4 30. Qxf4 Ne5 31. Be2 Qc7 
32. Qd4 Rac8 33. Rf1 Kg8 34. Rxf6 Nxc6 35. dxc6 Rxe2 36. Qd5 Kg7 37. Rcf1 Qb6 
38. Rxf7+ Kh6 39. Rh7+ Kxh7 40. Qf7+ Kh6 41. Qf4+ Kg7 42. Qf6+ Kh7 43. Qf7+ Kh6 
44. Qf4+ Kg7 45. Qf6+ Kh6 46. Qf4+ 1/2-1/2

[Event "Tuesday Night Round Robin Engine Tour 5m+1s Starts at 2200hrs ST"]
[Site "Infinity Chess"]
[Date "2018.1.23"]
[Round "3"]
[White "Cepri"]
[Black "star99"]
[Result "1/2-1/2"]
[ECO "B50"]
[WhiteElo "2486"]
[BlackElo "2461"]
[WhiteEngine "asmFishW_12J18Mb_CTG"]
[BlackEngine "Cryptic AIL V2"]
[EventType "Round Robin"]
[WhiteTeam ""]
[BlackTeam ""]
[PlyCount "169"]
[TimeControl "300+1"]

1. e4 c5 2. Nf3 d6 3. Nc3 Nc6 4. d4 cxd4 5. Nxd4 Nf6 6. Bg5 e6 7. Qd2 Be7 
8. O-O-O O-O 9. h4 Nxd4 10. Qxd4 h6 11. f4 b5 12. Bxb5 Bb7 13. Bxf6 Bxf6 
14. Qxd6 Bxc3 15. Qxd8 Raxd8 16. Rxd8 Rxd8 17. bxc3 Bxe4 18. Rg1 g5 
19. hxg5 hxg5 20. fxg5 Rc8 21. Kd2 Rc5 22. Bd3 Bxd3 23. cxd3 Rxg5 24. Ke3 Rg3+ 
25. Kd4 Kg7 26. Rd1 Kf6 27. Kc5 Ke7 28. Rd2 Kd7 29. a4 Rg5+ 30. Kc4 Kc6 
31. Rf2 f5 32. Re2 Kd6 33. d4 Rg7 34. Re5 Rxg2 35. Ra5 Rg8 36. Ra6+ Ke7 
37. Rxa7+ Kd6 38. a5 Rf8 39. Rb7 f4 40. Rb6+ Kd7 41. a6 f3 42. Rb1 f2 43. a7 Kc6 
44. Kd3 Ra8 45. Rf1 Rxa7 46. Rxf2 Rg7 47. c4 Kd7 48. Ke4 Rg1 49. Rf7+ Kc6 
50. c5 Re1+ 51. Kd3 Kd5 52. Rd7+ Kc6 53. Rd6+ Kc7 54. Ra6 Kd7 55. Ra7+ Kc6 
56. Ra6+ Kd7 57. Rd6+ Kc7 58. Rb6 Rd1+ 59. Ke3 Kd7 60. Ke4 Re1+ 61. Kd3 Rd1+ 
62. Kc4 Re1 63. Kb5 Kc7 64. Ra6 Rb1+ 65. Kc4 Rc1+ 66. Kd3 e5 67. dxe5 Rxc5 
68. Ke4 Kd7 69. Kf5 Rc1 70. Ra7+ Ke8 71. Kf6 Re1 72. Ke6 Kf8 73. Rf7+ Kg8 
74. Ra7 Re4 75. Ra6 Kf8 76. Rb6 Re1 77. Rd6 Re2 78. Rd5 Re1 79. Rc5 Ra1 
80. Rc8+ Kg7 81. Rd8 Ra6+ 82. Rd6 Ra3 83. Rd2 Ra6+ 84. Ke7 Ra7+ 85. Ke8 1/2-1/2

[Event "Tuesday Night Round Robin Engine Tour 5m+1s Starts at 2200hrs ST"]
[Site "Infinity Chess"]
[Date "2018.1.23"]
[Round "3"]
[White "KULLANI"]
[Black "incredible"]
[Result "1/2-1/2"]
[ECO "C50"]
[WhiteElo "2495"]
[BlackElo "2460"]
[WhiteEngine "BrainFish_180113_x64_CTG"]
[BlackEngine "stockfish_18012314_x64_bmi2"]
[EventType "Round Robin"]
[WhiteTeam ""]
[BlackTeam ""]
[PlyCount "154"]
[TimeControl "300+1"]

1. e4 e5 2. Nf3 Nc6 3. Bc4 Bc5 4. d3 d6 5. O-O Bg4 6. c3 Nf6 7. b4 Bb6 
8. Nbd2 Qd7 9. Bb3 a5 10. b5 Ne7 11. h3 Bh5 12. a4 Ng6 13. Kh2 h6 14. Nc4 Nh4 
15. Be3 Bxe3 16. fxe3 Nxf3+ 17. gxf3 Qe7 18. Qe1 b6 19. Ra2 g5 20. Rg2 O-O-O 
21. f4 Kb8 22. fxe5 dxe5 23. d4 Nd7 24. Nd2 Rhf8 25. Rgf2 f6 26. Bd5 Bf7 
27. Bc6 Be8 28. Qe2 h5 29. h4 Rg8 30. Rg2 Bf7 31. Bxd7 Rxd7 32. Qf2 exd4 
33. exd4 g4 34. Qxf6 Qa3 35. d5 Qxa4 36. c4 Qb4 37. Qd4 Rgd8 38. Qe3 Kb7 
39. Rgf2 Bg8 40. Rf5 a4 41. Rb1 Qe7 42. Rg5 Bxd5 43. cxd5 Rxd5 44. Rxd5 Rxd5 
45. Kg1 Re5 46. Qd4 a3 47. Qe3 Qc5 48. Qxc5 Rxc5 49. Ra1 Rc2 50. Nb3 Re2 
51. Rxa3 Rxe4 52. Kg2 Rb4 53. Kg3 Rxb5 54. Nd4 Rd5 55. Ne6 b5 56. Kf4 b4 
57. Ra4 c5 58. Ke4 Kc6 59. Ra8 Rd2 60. Rc8+ Kb6 61. Nxc5 g3 62. Nb3 Rb2 
63. Nd4 b3 64. Rg8 g2 65. Kd3 Kc5 66. Rg5+ Kb6 67. Kc4 Rd2 68. Nxb3 g1=Q 
69. Rxg1 Rh2 70. Rg6+ Kc7 71. Kc5 Rxh4 72. Rg7+ Kd8 73. Nd4 Kc8 74. Rg8+ Kd7 
75. Rg7+ Ke8 76. Rh7 Rh1 77. Nf5 Rd1 1/2-1/2

[Event "Tuesday Night Round Robin Engine Tour 5m+1s Starts at 2200hrs ST"]
[Site "Infinity Chess"]
[Date "2018.1.23"]
[Round "3"]
[White "RonWeasley"]
[Black "Dovahkiin"]
[Result "1/2-1/2"]
[ECO "C12"]
[WhiteElo "2499"]
[BlackElo "2448"]
[WhiteEngine "BrainFish 130117_CTG"]
[BlackEngine "BrainFish_180113_x64_modern_CTG"]
[EventType "Round Robin"]
[WhiteTeam ""]
[BlackTeam ""]
[PlyCount "181"]
[TimeControl "300+1"]

1. e4 e6 2. d4 d5 3. Nc3 Nf6 4. Bg5 Bb4 5. e5 h6 6. Bd2 Bxc3 7. bxc3 Ne4 
8. Qg4 Kf8 9. Bd3 Nxd2 10. Kxd2 c5 11. h4 Qa5 12. Rh3 cxd4 13. Rg3 Qxc3+ 
14. Ke2 Rg8 15. Re1 Nc6 16. Kf1 Qb4 17. Nf3 Ke8 18. Qf4 Bd7 19. Bh7 d3 
20. Qxb4 Nxb4 21. Bxg8 dxc2 22. Rc1 Ba4 23. Nd4 Nxa2 24. Rxc2 Bxc2 25. Nxc2 Rc8 
26. Nd4 Kf8 27. Bh7 Rc4 28. Nb5 Nb4 29. Nd6 Rc1+ 30. Ke2 Nc6 31. h5 Nxe5 
32. Ra3 Ke7 33. Nxb7 Rc7 34. Na5 Nd7 35. Bd3 Nf6 36. Bb5 Rc2+ 37. Ke1 Nxh5 
38. Nc6+ Kd6 39. Nd8 Ke7 40. Nc6+ Kd6 41. Nxa7 Rb2 42. Ra6+ Kc5 43. Rc6+ Kd4 
44. g3 Nf6 45. Rc1 Ke5 46. Bd3 Rb3 47. Ke2 Rb2+ 48. Ke1 Rb3 49. Rd1 g5 
50. Nc6+ Kd6 51. Nd4 Rb4 52. Nc2 Rb2 53. Kd2 h5 54. f4 gxf4 55. gxf4 Ra2 
56. Rh1 Ra4 57. Ke3 Ke7 58. Kf3 Kd6 59. Ke3 Ng4+ 60. Kf3 Nf6 61. Rh3 Ke7 
62. Kg3 Kd6 63. Kf3 Ke7 64. Rh2 Kd6 65. Rh1 Ke7 66. Rh3 Kd6 67. Rh4 Ke7 
68. Kg3 Kd6 69. Rh3 Kc5 70. Kf3 Kd6 71. Rh1 Ke7 72. Be2 Kd6 73. Rh3 Ra2 
74. Nb4 Ra3+ 75. Nd3 Ra2 76. Kf2 Ne4+ 77. Ke3 f5 78. Bxh5 Ra4 79. Bf3 d4+ 
80. Ke2 Ra3 81. Bg2 Ra2+ 82. Kf3 Ra3 83. Ke2 Rb3 84. Kd1 Rxd3+ 85. Rxd3 Nf2+ 
86. Kd2 Nxd3 87. Kxd3 e5 88. fxe5+ Kxe5 89. Bf1 Kf4 90. Be2 Kg5 91. Kxd4 1/2-1/2

[Event "Tuesday Night Round Robin Engine Tour 5m+1s Starts at 2200hrs ST"]
[Site "Infinity Chess"]
[Date "2018.1.23"]
[Round "3"]
[White "Victorious"]
[Black "BraveDevil"]
[Result "1/2-1/2"]
[ECO "B90"]
[WhiteElo "2506"]
[BlackElo "2439"]
[WhiteEngine "asmFishW_2017-11-19_popcnt"]
[BlackEngine "Cryptic AIL V2"]
[EventType "Round Robin"]
[WhiteTeam ""]
[BlackTeam ""]
[PlyCount "141"]
[TimeControl "300+1"]

1. e4 c5 2. Nf3 d6 3. d4 cxd4 4. Nxd4 Nf6 5. Nc3 a6 6. Be3 e5 7. Nb3 Be7 
8. Be2 Be6 9. Qd3 Nc6 10. a3 O-O 11. O-O d5 12. exd5 Nxd5 13. Nxd5 Qxd5 
14. Qxd5 Bxd5 15. Rfd1 Rfd8 16. Bb6 Rd6 17. Rd2 Bxb3 18. Rxd6 Bxd6 19. cxb3 Nd4 
20. Bxd4 exd4 21. g3 Rc8 22. Bd3 g6 23. b4 f5 24. f4 Kf7 25. Kf2 h6 26. Re1 Rc7 
27. Rd1 Rd7 28. Ke2 Kf6 29. Bb1 Bb8 30. Rc1 g5 31. Rc5 Re7+ 32. Kd1 gxf4 
33. Rxf5+ Kg7 34. gxf4 Rf7 35. h3 Bxf4 36. Rd5 Be3 37. Bf5 Kf6 38. Bg4 Rc7 
39. Rc5 Re7 40. Rd5 Rc7 41. Rc5 Re7 42. Rf5+ Ke6 43. Kc2 Kd6 44. b5 a5 
45. a4 Re5 46. Rf8 Kc5 47. Kb3 Bg5 48. Rc8+ Kd6 49. Kc4 Re4 50. Bf5 Re2 
51. b3 Re3 52. Bd3 Re1 53. Bc2 d3 54. Kxd3 Re3+ 55. Kd4 Rxh3 56. Rb8 Rh4+ 
57. Be4 Bf6+ 58. Kd3 Rh3+ 59. Kc2 Rc3+ 60. Kd1 Rxb3 61. Rxb7 Rb4 62. Rb6+ Ke5 
63. Bf3 Rxa4 64. Ra6 Rb4 65. Rxa5 Kf4 66. Bc6 h5 67. Ra6 h4 68. b6 Be5 69. b7 h3 
70. Ra4 Rxa4 71. Bxa4 1/2-1/2

[Event "Tuesday Night Round Robin Engine Tour 5m+1s Starts at 2200hrs ST"]
[Site "Infinity Chess"]
[Date "2018.1.23"]
[Round "3"]
[White "Eman"]
[Black "KhalidOmar"]
[Result "1/2-1/2"]
[ECO "C65"]
[WhiteElo "2514"]
[BlackElo "2570"]
[WhiteEngine "Eman 1.67 64-bit POPCNT"]
[BlackEngine "Eman 1.67 64-bit BMI2"]
[EventType "Round Robin"]
[WhiteTeam ""]
[BlackTeam ""]
[PlyCount "96"]
[TimeControl "300+1"]

1. e4 e5 2. Nf3 Nc6 3. Bb5 Nf6 4. O-O Nxe4 5. Re1 Nd6 6. Nxe5 Be7 7. Bf1 Nxe5 
8. Rxe5 O-O 9. Nc3 Bf6 10. Re1 Re8 11. Rxe8+ Nxe8 12. Nd5 Bg5 13. c4 c6 
14. Nc3 d5 15. cxd5 cxd5 16. d4 Bxc1 17. Rxc1 Be6 18. g3 Rc8 19. Nb5 a6 
20. Rxc8 Qxc8 21. Nc3 h6 22. Qf3 Qd7 23. h4 b5 24. a3 Nd6 25. Nxd5 Nf5 
26. Nf4 Nxd4 27. Qa8+ Kh7 28. Bg2 Bg4 29. Kh2 g5 30. Nd5 Qe6 31. Nc7 Qe1 
32. Qe4+ Qxe4 33. Bxe4+ f5 34. Bd3 Nf3+ 35. Kh1 Ne5 36. Bb1 Nc4 37. Nxa6 Nxb2 
38. Nc7 Bf3+ 39. Kg1 Bc6 40. Bxf5+ Kg7 41. hxg5 hxg5 42. f3 Nc4 43. f4 gxf4 
44. gxf4 Nxa3 45. Nxb5 Nxb5 46. Kf2 Nc3 47. Bc2 Nd5 48. Kg3 Nc3 1/2-1/2